Map: Lerilak Crest

Players

Zev - Winner!

  • Race: Terran Terran
  • League: Silver

shade

  • Race: Terran Terran
  • League: Platinum

VOD

Have the link to the VOD?

Description

Time

  • Played on: Dec. 15, 2015, 10:59 p.m.
  • Length: 14:11
Show
View Real Time Build Order
Export as new Build Order

Zev Terran - Winner!

Build Orders:  

Get SALT Encoding   

  12  0:01  SCV  
  13  0:13  SCV  
  14  0:18  Supply Depot  
  14  0:25  SCV  
  15  0:39  SCV  
  15  0:41  Barracks  
  16  0:46  Refinery  
  16  0:51  SCV  
  17  1:03  SCV  
  18  1:15  SCV  
  19  1:32  Orbital Command  
  19  1:34  Barracks Reactor  
  19  1:43  Command Center  
  19  1:57  Supply Depot  
  19  2:08  SCV  
  20  2:12  Marine  
  21  2:15  Marine  
  21  2:20  SCV  
  23  2:27  Factory  
  23  2:30  Marine  
  23  2:32  SCV  
  23  2:33  Marine  
  26  2:45  SCV  
  26  2:48  Marine  
  28  2:51  Marine  
  28  2:58  SCV  
  30  2:59  Refinery  
  30  3:01  Orbital Command  
  29  3:18  Starport  
  29  3:19  SCV  
  29  3:21  Barracks Reactor  
  29  3:25  Hellion x2  
  33  3:31  SCV  
  35  3:34  SCV  
  35  3:43  SCV, Bunker  
  35  3:46  SCV  
  35  3:47  Hellion  
  39  3:54  Hellion  
  39  3:55  SCV, Starport Reactor  
  42  3:58  SCV  
  42  4:00  Marine  
  44  4:03  Supply Depot, Marine  
  45  4:17  Marine  
  46  4:24  Marine  
  46  4:25  SCV x2, Hellion x2  
  46  4:26  Liberator  
  46  4:28  Supply Depot  
  52  4:32  Liberator  
  52  4:35  Marine  
  52  4:37  SCV  
  52  4:42  Marine  
  54  4:46  Hellion  
  54  4:50  Hellion  
  58  4:53  Marine  
  56  5:00  Marine  
  57  5:11  Engineering Bay, Marine  
  58  5:15  SCV x2  
  58  5:18  Marine  
  61  5:27  SCV  
  62  5:30  Barracks  
  62  5:44  Hellion  
  62  5:46  SCV x2  
  62  5:47  Medivac  
  62  5:50  Hellion  
  62  5:56  Marine  
  62  5:59  Missile Turret  
  62  6:07  Marine  
  62  6:09  SCV  
  62  6:10  SCV  
  62  6:16  Marine  
  62  6:30  Barracks Tech Lab  
  62  6:40  SCV x2, Hellion  
  62  6:53  Command Center, Refinery  
  62  6:54  Refinery  
  62  7:10  Barracks  
  62  7:21  Missile Turret  
  62  7:37  Marine x4  
  62  7:38  SCV x2, Siege Tank, Medivac x2  
  62  7:40  Supply Depot  
  75  7:50  SCV x2  
  77  7:55  Marine x4  
  81  8:02  SCV, Supply Depot  
  82  8:06  Terran Infantry Weapons Level 1  
  82  8:07  SCV  
  82  8:08  Medivac x2  
  82  8:10  Siege Tank  
  91  8:13  Marine x2  
  91  8:15  Orbital Command  
  91  8:19  Supply Depot  
  92  8:20  Marine x2  
  92  8:23  Barracks Tech Lab  
  94  8:27  Supply Depot  
  94  8:31  Marine  
  94  8:32  SCV x2  
  97  8:41  Supply Depot  
  97  8:42  Siege Tank  
  97  8:44  Marine x4  
  104  8:49  Supply Depot, Marine  
  104  8:50  SCV x2  
  104  8:54  Orbital Command  
  104  8:55  Liberator x2  
  108  9:02  SCV x2, Marine x4  
  112  9:07  Marine  
  114  9:14  Siege Tank  
  117  9:20  Marine x4  
  117  9:23  Supply Depot  
  121  9:24  Marine  
  122  9:47  Siege Tank  
  122  9:48  Supply Depot, Marine  
  122  9:49  Marine x3  
  122  9:50  Supply Depot  
  122  9:51  Marauder  
  131  9:56  Stimpack  
  131  10:06  SCV x3, Marine x2  
  131  10:07  Marine x2  
  136  10:12  Supply Depot  
  136  10:13  Marauder  
  140  10:18  SCV  
  141  10:21  Supply Depot  
  141  10:24  Marine x2  
  143  10:37  Marine x3  
  143  10:42  Marine x2  
  148  10:47  Liberator x2  
  148  10:54  Marine  
  148  10:55  Marine x2  
  148  11:05  SCV  
  148  11:06  SCV x2, Marine x2  
  156  11:12  Marine x2  
  156  11:13  Marine  
  159  11:24  Siege Tank, Marine x2  
  164  11:30  Liberator, Refinery, Marine x3  
  164  11:32  Refinery  
  132  11:42  Marine x2  
  115  11:48  Marine x3  
  121  11:56  Siege Tank  
  121  11:59  Marine  
  121  12:00  Marine  
  126  12:06  Marine x3  
  99  12:17  Marine  
  99  12:18  Marine  
  99  12:23  Marine  
  99  12:24  Marine x2  
  99  12:26  Medivac  
  99  12:28  Siege Tank  
  104  12:30  Medivac  
  104  12:35  Marine x2  
  108  12:41  Marine x2  
  108  12:42  Marine  
  106  12:53  Marine x2  
  106  12:56  Medivac  
  109  12:59  Marine x3  
  109  13:00  Medivac  
  109  13:04  Siege Tank  
  117  13:11  Marine x2  
  119  13:17  Marine x3  
  122  13:26  Medivac  
  118  13:28  Marine  
  118  13:29  Marine  
  118  13:30  Medivac  
  116  13:35  Marine x3  
  116  13:36  Siege Tank  
  122  13:46  Marine  
  122  13:47  Marine  
  124  13:52  Marine  
  124  13:53  Marine x2  
Show
View Real Time Build Order
Export as new Build Order

shade Terran 

Build Orders: 1/1/1 

Get SALT Encoding   

  12  0:01  SCV  
  13  0:14  SCV  
  14  0:18  Supply Depot  
  14  0:26  SCV  
  15  0:29  Refinery  
  15  0:40  SCV  
  16  0:47  Barracks  
  16  0:52  SCV  
  17  0:59  Refinery  
  17  1:04  SCV  
  18  1:16  SCV  
  19  1:29  SCV  
  20  1:34  Reaper  
  20  1:37  Factory  
  21  1:41  Orbital Command  
  21  1:55  Supply Depot  
  21  2:06  Reaper  
  21  2:08  SCV  
  23  2:21  Hellion  
  25  2:24  SCV, Starport  
  25  2:59  Hellion  
  25  3:01  Starport Tech Lab  
  25  3:03  Barracks Tech Lab  
  26  3:10  Command Center  
  25  3:15  SCV  
  25  3:18  Supply Depot  
  24  3:24  Banshee  
  27  3:33  SCV  
  28  3:41  Barracks Reactor  
  28  3:45  Siege Tank  
  32  3:48  SCV  
  32  4:00  SCV  
  33  4:08  Barracks x2  
  31  4:13  SCV  
  31  4:15  Banshee  
  35  4:25  SCV, Siege Tank  
  35  4:26  Marine  
  40  4:53  SCV  
  41  5:04  Barracks Reactor, Barracks Tech Lab  
  41  5:17  Siege Tank  
  41  5:19  Command Center  
  41  5:20  Marine x2  
  46  5:37  Orbital Command  
  46  5:40  Stimpack  
  46  5:41  Marine  
  46  5:42  Marine x4  
  48  5:55  SCV  
  49  5:59  Marine x2  
  49  6:00  Marine  
  52  6:09  SCV x2  
  54  6:17  Marine x3  
  54  6:21  Engineering Bay  
  54  6:31  SCV, Marine x2  
  57  6:35  Supply Depot, Marine  
  57  6:36  Supply Depot  
  57  6:38  SCV  
  59  6:43  SCV  
  60  6:47  Refinery  
  60  6:51  SCV  
  60  6:53  Viking  
  63  6:58  SCV  
  63  7:00  Missile Turret  
  64  7:03  Orbital Command  
  64  7:06  SCV  
  65  7:11  SCV, Marine x2  
  65  7:13  Marine  
  69  7:18  SCV  
  69  7:21  Siege Tank, Marine x2  
  75  7:23  SCV  
  77  7:30  SCV  
  77  7:32  SCV  
  77  7:34  Factory  
  77  7:35  SCV, Supply Depot  
  79  7:39  Supply Depot  
  79  7:42  SCV  
  79  7:43  Marine  
  79  7:44  SCV, Marine x3  
  82  7:48  Starport Reactor  
  85  7:56  Marine  
  85  7:57  SCV x2  
  88  7:58  Orbital Command  
  88  8:01  Marine  
  89  8:07  Marine x3  
  92  8:14  SCV x2, Marine  
  92  8:15  Barracks  
  92  8:17  Barracks  
  92  8:18  Supply Depot  
  92  8:19  Supply Depot  
  95  8:20  Terran Infantry Weapons Level 1  
  95  8:26  SCV  
  96  8:29  Viking  
  96  8:30  Viking  
  96  8:32  SCV  
  101  8:40  SCV, Marine x2  
  105  8:41  SCV  
  105  8:44  SCV  
  105  8:46  Supply Depot, Refinery  
  105  8:47  Supply Depot  
  106  8:52  SCV  
  107  8:57  SCV x2  
  107  8:59  Marine  
  107  9:00  Marine x3  
  113  9:04  SCV  
  113  9:08  Viking  
  113  9:09  Viking  
  116  9:20  Siege Tank  
  116  9:21  Siege Tank  
  122  9:24  Marine x3  
  122  9:25  Marine  
  122  9:27  Barracks Tech Lab  
  122  9:28  Barracks Tech Lab  
  126  9:34  SCV x2  
  128  9:40  Marine  
  128  9:42  Marine  
  128  9:43  Orbital Command  
  130  9:45  Supply Depot  
  130  9:46  SCV x2  
  132  9:54  Marine  
  133  10:04  Supply Depot  
  133  10:05  Supply Depot  
  133  10:07  SCV, Engineering Bay, Marine x4  
  133  10:11  Viking  
  140  10:32  Armory  
  139  10:38  Marine x2  
  139  10:39  Marine, Marauder x2  
  139  10:52  SCV x3  
  139  10:56  Marine x2  
  142  10:57  Marauder  
  142  11:00  Marine x2  
  146  11:04  SCV x2  
  148  11:14  Marine x2  
  148  11:16  Barracks  
  148  11:18  Marine, Marauder  
  152  11:19  Marauder  
  155  11:25  Viking  
  155  11:27  Missile Turret  
  155  11:30  Missile Turret  
  157  11:33  Terran Infantry Armor Level 1, Terran Infantry Weapons Level 2  
  157  11:35  Supply Depot, Viking  
  139  11:46  Marauder x2, Marine x3  
  120  11:51  Siege Tank x2  
  123  12:03  Marine  
  123  12:04  Marauder  
  123  12:08  Marauder  
  101  12:17  Marauder, Marine  
  101  12:21  Marine  
  87  12:26  Marauder  
  87  12:28  Marine  
  63  12:35  Marine  
  64  12:39  Marine, Marauder  
  65  12:47  Marauder x2  
  69  12:52  Marine  
  69  12:57  Marine  
  63  13:00  Marauder  
  63  13:08  Marauder, Marine  
  63  13:09  Medivac  
  63  13:10  Marine  
  69  13:15  Marine  
  70  13:22  Marauder  
  70  13:26  Marauder  
  64  13:28  Marine  
  64  13:29  Marine  
  64  13:32  Marine  
  54  13:43  Marauder  
  54  13:46  Marine  
  54  13:47  Marauder  
  54  13:48  Marauder  
  61  13:50  Marine  
Tags
 
Add a new tag
Caveats
  • Supply blocks, unpowered buildings, or Contaminate may cause inaccurate times.
  • Supply counts are checked every 10 seconds.